 Dungeon Crawl Stone Soup version 0.32-a0-126-g9fbf7fb75a (webtiles) character file.

Game seed: 2084434541669908260

1591077 Ge0ff the Mummy Child (level 26, 199/199 HPs)
             Began as a Mummy Artificer on Feb 7, 2024.
             Was a Follower of Hepliaklqana.
             Escaped with the Orb
             ... and 3 runes!
             The game lasted 02:33:43 (78628 turns).

Ge0ff the Mummy Child (Mummy Artificer)            Turns: 78628, Time: 02:33:44

Health: 199/199    AC: 23    Str: 19    XL:     26   Next: 89%
Magic:  35/37      EV: 27    Int: 11    God:    Hepliaklqana [*.....]
Gold:   5992       SH: 24    Dex: 37    Spells: 39/45 levels left

rFire   + + .        a - +9 hand cannon (drain)
rCold   + . .        L - +5 Storm Queen's Shield {shock, Fly rElec}
rNeg    + + +        A - +3 ring mail of the Lair of Beasts {rF+ Will+}
rPois   ∞            N - +0 helmet of the Twenty Towns {Dex+2}
rElec   +            o - +3 cloak of Nastiris {rF++}
rCorr   .            Q - +1 pair of gloves of the Orcish Mines {Fly Dex+3}
SInv    .            b - +2 pair of boots
Will    +++++        R - amulet of regeneration
Stlth   +            h - +6 ring of dexterity
HPRegen 1.33/turn    I - ring of Freedom {rElec rPois Will+ Str+3 Dex+3, =R}
MPRegen 0.25/turn

%: faith
@: flying, studying Air Magic
A: reduced essence, cold resistance 1, negative energy resistance 3, torment
resistance 2, heat vulnerability 1, in touch with death 2, no potions, faith
0: Orb of Zot
}: 3/15 runes: decaying, serpentine, silver
a: Renounce Religion, Recall Ancestor, Ancestor Identity


You escaped.
You worshipped Hepliaklqana.
Hepliaklqana was aware of your devotion.
You visited 11 branches of the dungeon, and saw 51 of its levels.
You visited 1 bazaar.
You also visited: Gauntlet.

You collected 9165 gold pieces.
You spent 3173 gold pieces at shops.

Inventory:

Hand Weapons
 a - a +9 hand cannon of draining (weapon)
 i - the +8 orcbow "Ficlenti" {antimagic, ^Drain rC+ Dex+2}
   (You took it off a yaktaur on level 5 of the Vaults)

   Dex+2:     It affects your dexterity (+2).
   rC+:       It protects you from cold.
   ^Drain:    It drains your maximum health when unequipped.
 w - the +8 Vampire's Tooth {megavamp}
   (You found it on level 3 of the Crypt)
 z - a +3 longbow of freezing
Missiles
 g - a throwing net {=F}
 u - 3 darts of dispersal
 v - 8 curare-tipped darts {=F}
 G - 14 silver javelins
 Z - 22 javelins
Armour
 b - a +2 pair of boots (worn)
 c - the +5 robe of Night {Dark Will+ SInv}
   (You took it off a naga on level 2 of the Snake Pit)

   Dark:      It shrouds the wearer in darkness, reducing the range at which
   they can see and be seen by others.
   Will+:     It increases your willpower.
   SInv:      It lets you see invisible.
 o - the +3 cloak of Nastiris (worn) {rF++}
   (You bought it in a shop on level 1 of the Elven Halls)

   rF++:      It greatly protects you from fire.
 A - the +3 ring mail of the Lair of Beasts (worn) {rF+ Will+}
   (You found it on level 2 of the Snake Pit)

   rF+:       It protects you from fire.
   Will+:     It increases your willpower.
 K - a +3 troll leather armour
 L - the +5 Storm Queen's Shield (worn) {shock, Fly rElec}
   (You found it on level 2 of the Snake Pit)

   Shock:     When it blocks an attack, it may electrocute the attacker.
   This works even against foes who are a short distance away.
   rElec:     It insulates you from electricity.
   Fly:       It grants you flight.
 N - the +0 helmet of the Twenty Towns (worn) {Dex+2}
   (You found it on level 10 of the Dungeon)

   Dex+2:     It affects your dexterity (+2).
 Q - the +1 pair of gloves of the Orcish Mines (worn) {Fly Dex+3}
   (You bought it in a shop on level 10 of the Dungeon)

   Dex+3:     It affects your dexterity (+3).
   Fly:       It grants you flight.
 W - a +0 hat of willpower
Jewellery
 e - a ring of protection from fire
 h - a +6 ring of dexterity (left hand)
 r - the ring of Shadows {Umbra +Inv Stlth+}
   (You found it on level 4 of the Realm of Zot)

   [ring of stealth]

   Umbra:     It surrounds you with an aura of shadow, increasing your stealth
   and reducing the accuracy of all others within it.
   +Inv:      It lets you turn invisible.
   Stlth+:    It makes you more stealthy.
 x - the ring "Nant" {rC+ rN+ SInv}
   (You took it off a deep elf high priest on level 3 of the Elven Halls)

   [ring of see invisible]

   rC+:       It protects you from cold.
   rN+:       It protects you from negative energy.
   SInv:      It lets you see invisible.
 D - a ring of the Octopus King {rCorr HP+2 AC+2 EV+2 SH+2}
   (You found it on level 3 of the Crypt)

   [ring of resist corrosion]

   AC+2:      It affects your AC (+2).
   EV+2:      It affects your evasion (+2).
   HP+2:      It affects your health (+2).
   rCorr:     It protects you from acid and corrosion.
   SH+2:      It affects your SH (+2).
 H - the ring "Fatosiet" {Wiz Will+ Dex+4}
   (You found it on level 3 of the Vaults)

   [ring of wizardry]

   Wiz:       It improves your spell success rate.
   Dex+4:     It affects your dexterity (+4).
   Will+:     It increases your willpower.
 I - the ring of Freedom (right hand) {rElec rPois Will+ Str+3 Dex+3, =R}
   (You took it off a deep elf high priest on level 3 of the Elven Halls)

   [ring of willpower]

   Str+3:     It affects your strength (+3).
   Dex+3:     It affects your dexterity (+3).
   rElec:     It insulates you from electricity.
   rPois:     It protects you from poison Will+: It increases your willpower.
 R - an amulet of regeneration (around neck)
 X - the amulet of the Zebrataur {Spirit rF- Will++ Slay+5}
   (You found it on level 3 of the Vaults)

   [amulet of guardian spirit]

   Spirit:    It causes incoming damage to be divided between your reserves of
   health and magic.
   Slay+5:    It affects your accuracy & damage with ranged weapons and melee
   (+5).
   rF-:       It makes you vulnerable to fire.
   Will++:    It greatly increases your willpower.
 Y - the ring "Qaihor" {+Blink rF- Dex+4 Slay+4}
   (You took it off a deep elf sorcerer on level 3 of the Elven Halls)

   [ring of slaying]

   Dex+4:     It affects your dexterity (+4).
   Slay+4:    It affects your accuracy & damage with ranged weapons and melee
   (+4).
   rF-:       It makes you vulnerable to fire.
   +Blink:    It lets you blink.
Wands
 d - a wand of digging (23)
 f - a wand of flame (29)
 j - a wand of quicksilver (22)
 k - a wand of iceblast (40)
 p - a wand of paralysis (24)
 s - a wand of mindburst (39)
 P - a wand of polymorph (30)
Scrolls
 m - 4 scrolls of revelation
 q - a scroll of brand weapon
 y - 4 scrolls of immolation
 B - 5 scrolls of blinking
 C - 5 scrolls of poison
 F - 13 scrolls of fog
 J - a scroll of silence {!r}
 M - 2 scrolls of torment
 S - 4 scrolls of summoning
 T - 15 scrolls of teleportation
 V - 5 scrolls of vulnerability
Miscellaneous
 l - a lightning rod (2/4)
 n - a phial of floods
 t - a tin of tremorstones (inert)
 O - a sack of spiders
 U - a phantom mirror


   Skills:
 - Level 21.0 Fighting
 - Level 3.0 Polearms
 - Level 20.0 Ranged Weapons
 - Level 6.0 Throwing
 + Level 12.6 Armour
 + Level 13.0 Dodging
 + Level 4.7 Stealth
 - Level 17.0 Shields
 - Level 10.0 Spellcasting
 + Level 8.2 Translocations
 * Level 7.0 Earth Magic
 - Level 21.1 Invocations
 + Level 11.2 Evocations


You had 39 spell levels left.
You knew the following spells:

 Your Spells              Type           Power      Damage    Failure   Level
g - Apportation           Tloc           46%        N/A       1%          1
w - Passwall              Erth           21%        N/A       4%          3
B - Blink                 Tloc           46%        N/A       1%          2

Your spell library contained the following spells:

 Spells                   Type           Power      Damage    Failure   Level
 Lesser Beckoning         Tloc           46%        N/A       1%          2
 Gell's Gravitas          Tloc           23%        N/A       2%          3
 Teleport Other           Tloc           23%        N/A       2%          3
 Momentum Strike          Conj/Tloc      28%        3d8       8%          2
 Volatile Blastmotes      Fire/Tloc      28%        2d12      16%         3
 Stone Arrow              Conj/Erth      26%        3d8       21%         3
 Foxfire                  Conj/Fire      20%        2x1d5     28%         1
 Necrotise                Necr           48%        1d6       28%         1
 Shock                    Conj/Air       20%        1d4       28%         1
 Slow                     Hex            20%        N/A       28%         1
 Sting                    Conj/Alch      20%        1d4       28%         1
 Summon Small Mammal      Summ           20%        N/A       28%         1
 Ensorcelled Hibernation  Hex/Ice        10%        N/A       38%         2
 Mercury Vapours          Alch/Air       10%        N/A       38%         2
 Static Discharge         Conj/Air       10%        3-4/arc   38%         2
 Animate Armour           Summ/Erth      26%        N/A       54%         4
 Brom's Barrelling Bould  Conj/Erth      13%        2d4       54%         4
 Confusing Touch          Hex            5%         N/A       63%         3
 Dazzling Flash           Conj/Hex       10%        N/A       63%         3
 Fugue of the Fallen      Necr           12%        N/A       63%         3
 Hailstorm                Conj/Ice       5%         3d5       63%         3
 Inner Flame              Hex/Fire       5%         N/A       63%         3
 Mephitic Cloud           Conj/Alch/Air  5%         N/A       63%         3
 Sigil of Binding         Hex            5%         N/A       63%         3
 Summon Ice Beast         Ice/Summ       5%         N/A       63%         3
 Swiftness                Air            5%         N/A       63%         3
 Vampiric Draining        Necr           12%        2d6       63%         3
 Summon Forest            Summ/Tloc      7%         N/A       82%         5
 Dispersal                Tloc           11%        N/A       82%         6
 Airstrike                Air            2%         2d(1-17)  95%         4
 Anguish                  Hex/Necr       6%         N/A       95%         4
 Cause Fear               Hex            2%         N/A       95%         4
 Flame Wave               Conj/Fire      5%         2d5       95%         4
 Martyr's Knell           Necr/Summ      12%        N/A       95%         4
 Olgreb's Toxic Radiance  Alch           5%         N/A       95%         4
 Sticky Flame             Fire/Alch      5%         2d4       95%         4
 Summon Lightning Spire   Summ/Air       5%         N/A       95%         4
 Curse of Agony           Necr           12%        N/A       100%        5
 Fireball                 Conj/Fire      2%         3d4       100%        5
 Freezing Cloud           Conj/Ice/Air   2%         6-21      100%        5
 Irradiate                Conj/Alch      2%         3d12      100%        5
 Iskenderun's Battlesphe  Conj           5%         2d6       100%        5
 Metabolic Englaciation   Hex/Ice        2%         N/A       100%        5
 Summon Mana Viper        Hex/Summ       5%         N/A       100%        5
 Bombard                  Conj/Erth      6%         9d2       100%        6
 Conjure Ball Lightning   Conj/Air       2%         3x3d6     100%        6
 Eringya's Noxious Bog    Alch           2%         4d6       100%        6
 Plasma Beam              Fire/Air       2%         2x1d12    100%        6
 Sculpt Simulacrum        Ice/Alch       2%         N/A       100%        6
 Starburst                Conj/Fire      2%         6d3       100%        6
 Summon Cactus Giant      Summ           2%         N/A       100%        6
 Enfeeble                 Hex            2%         N/A       100%        7
 Monstrous Menagerie      Summ           2%         N/A       100%        7
 Orb of Destruction       Conj           2%         9d5       100%        7
 Ozocubu's Refrigeration  Ice            2%         4d8       100%        7
 Spellforged Servitor     Conj/Summ      2%         N/A       100%        7
 Summon Hydra             Summ           2%         N/A       100%        7
 Discord                  Hex            2%         N/A       100%        8
 Lehudib's Crystal Spear  Conj/Erth      6%         10d3      100%        8
 Maxwell's Capacitive Co  Air            2%         ∞         100%        8
 Fire Storm               Conj/Fire      2%         8d1       100%        9
 Death's Door             Necr           Unusable   N/A       N/A         9

Dungeon Overview and Level Annotations

Branches:
Dungeon (15/15)            Temple (1/1) D:7            Lair (5/5) D:10
  Swamp (4/4) Lair:2        Snake (4/4) Lair:2        Slime (0/5) Lair:5
    Orc (2/2) D:12            Elf (3/3) Orc:2        Vaults (5/5) D:13
  Crypt (3/3) Vaults:3       Tomb (0/3) Crypt:3      Depths (4/4) D:15
    Zot (5/5) Depths:4    Gauntlet (visited)

Altars:
Ashenzari
Cheibriados
Dithmenos
Fedhas
Gozag
Hepliaklqana
Kikubaaqudgha
Makhleb
Nemelex Xobeh
Okawaru
Qazlal
Ru
Sif Muna
Trog
Uskayaw
Vehumet
Wu Jian
Xom
Yredelemnul
Jiyva

Shops:
D:2 (   D:3 !=?[:   D:10 [   D:12 (   D:14 (   Orc:2 *?:(   Elf:1 [   Elf:3 *
Snake:3 =   Depths:4 [=

Portals:
Hell: Depths:1 Depths:2 Depths:3 Depths:4
Abyss: Depths:1 Depths:3
Pandemonium: Depths:2
Ziggurat: Depths:4


Innate Abilities, Weirdness & Mutations

Your life essence is reduced to manifest your ancestor. (-10% HP)
You are immune to poison.
Your flesh is cold resistant. (rC+)
You are immune to negative energy. (rN+++)
You are immune to unholy pain and torment.
You are vulnerable to heat. (rF-)
You are strongly in touch with the powers of death.
You do not drink.
You have a special connection with the divine. (Faith)


Message History

You shoot a bolt. The bolt hits the reaper.
The reaper is lightly wounded.
Setora casts a spell.
Setora seems to speed up.
You shoot a bolt. The bolt hits the reaper!!
The reaper is heavily wounded.
Setora hits the reaper with a +0 broad axe of speed!
The reaper hits Setora with a +2 scythe of freezing!
The reaper drags Setora backwards!
Something freezes Setora.
You shoot a bolt. The bolt barely misses the reaper.
Setora blocks the reaper's attack.
Setora hits the reaper with a +0 broad axe of speed.
You shoot a bolt. The bolt hits the reaper!
The reaper is almost dead.
Setora hits the reaper with a +0 broad axe of speed!
Setora blocks the reaper's attack.
You shoot a bolt. The bolt hits the reaper!
You kill the reaper!
Things that are here:
a +0 chain mail; a +0 whip
There is a stone staircase leading up here.
You fly upwards.
There is a stone staircase leading down here.
There is a stone staircase leading up here.
You fly upwards.
There is a stone staircase leading down here.
There is an entrance to Caewuc's Weapon Shop here.
Setora is no longer moving quickly.
There is a stone staircase leading up here.
You fly upwards.
There is a stone staircase leading down here.
There is an open door here.
A reaper comes into view. It is wielding a +2 antimagic scythe.
Aiming: Dig
Press: ? - help, Shift-Dir - straight line This square is covered in magical glow.
The rock shatters into small pieces.
Setora hits the reaper with a +0 broad axe of speed.
Setora blocks the reaper's attack.
You see here a +0 club.
Setora hits the reaper with a +0 broad axe of speed!!
The reaper hits Setora with a +2 antimagic scythe!!
The reaper drags Setora backwards!
Setora's magic leaks into the air.
You reach down and open the door.
There is an open door here.
Use which ability? (? or * to list) Setora is recalled.
A shadow demon comes into view.
There is a staircase leading out of the dungeon here.
You have escaped!

.# ##≈###.......## ##.## .#
##≈≈#..###.....# #.# .###≈≈≈##.#
######### #.#
.~#≈≈≈≈##.###.......### #.###
~.~~≈≈≈#....'.>.>.>.+.###...#
≈~~~≈≈~#....#...4...#....#..#
.~~≈~≈.#...##########..##...#
~~~~~..######..2....#.####.##
~..~~~## #.'...@...2..###.#
##.##.## #.#...R...###.#..#
##.#...####.############)..######
.....[....+.........+.....R2.R2..
.#.#...####.........####..÷#####.
.#.##.## ##.......## ##..### #.
[#.##.# ##.....## #....# #.
.#..#.# ##...## #.##.# #. ......#
##'## #.##.###.


You could see the friendly Setora the knight (reflecting), a reaper (ally
target), a shadow demon and a chaos spawn.

Vanquished Creatures
  A dread lich (Zot:5)
  An ancient lich (Zot:5)
  An orb of fire (Zot:5)
  Mara (Swamp:3)
  3 Killer Klowns (Zot:5)
  Saint Roka (Elf:3)
  2 curse toes
  4 caustic shrikes
  10 golden dragons
  A bone dragon (Crypt:2)
  3 electric golems
  12 tentacled monstrosities
  A walking earthen tome (Depths:3)
  An Ice Fiend (D:6)
  A deep elf blademaster (Elf:3)
  Asterion (Snake:3)
  2 titans (Vaults:5)
  21 Orb Guardians
  4 liches
  A walking frostbound tome (Depths:3)
  A deep elf master archer (Elf:3)
  6 sphinxes
  7 quicksilver dragons
  5 storm dragons
  7 tengu reavers
  Agnes (Snake:4)
  6 shadow dragons
  Gastronok (Lair:1)
  7 death cobs
  4 fire giants (Depths:3)
  4 protean progenitors
  Aizul (Snake:3)
  Roxanne (D:14)
  5 draconian monks
  A revenant (Crypt:1)
  6 deep elf sorcerers
  7 draconian knights
  2 fenstrider witches (Swamp:4)
  A daeva (Depths:4)
  3 frost giants
  2 nagarajas (Snake:4)
  An iron dragon (Vaults:5)
  7 vault wardens
  A caustic shrike zombie (Crypt:3)
  Louise (D:15)
  3 draconian scorchers
  3 draconian shifters
  A curse skull (Crypt:3)
  A balrug (Depths:2)
  2 spectral caustic shrikes (Depths:2)
  A cacodemon (Gauntlet)
  8 ironbound preservers
  3 formless jellyfish
  3 reapers
  10 very ugly things
  An angel (Depths:4)
  8 ghouls
  A demonspawn corrupter (Depths:4)
  3 draconian annihilators
  5 ironbound thunderhulks
  A rockslime zombie (Crypt:2)
  11 stone giants
  Nessos (D:15)
  4 eleionomae
  2 grey draconians (Depths:4)
  4 vampire knights
  11 deep elf annihilators
  5 deep elf demonologists
  5 deep elf death magi
  10 black draconians
  6 yellow draconians
  2 red draconians
  9 green draconians
  11 spark wasps
  4 bunyips
  15 dire elephants
  13 purple draconians
  10 eidola
  5 white draconians
  5 war gargoyles
  A blizzard demon (Gauntlet)
  A quicksilver dragon zombie (Crypt:2)
  A green death (Swamp:4)
  Josephine (D:10)
  5 fire dragons
  An entropy weaver (Vaults:1)
  6 ettins
  6 great orbs of eyes
  Harold (D:9)
  A jiangshi (Crypt:2)
  2 deep elf high priests
  3 spriggan zombies
  6 yaktaur captains
  A fenstrider witch zombie (Crypt:2)
  2 hell beasts
  9 hydras
  25 vault guards
  3 salamander tyrants (Snake:4)
  A sphinx zombie (Depths:2)
  A rakshasa (D:15)
  5 alligators
  3 spriggan air magi (Depths:1)
  4 ice dragons
  2 peacekeepers
  2 quicksilver dragon skeletons (Crypt:2)
  7 ironbound frosthearts
  3 ogre magi
  5 boulder beetles
  9 anacondas
  A ghost crab (Swamp:1)
  3 death knights
  17 dancing weapons
  10 two-headed ogres
  6 centaur warriors
  2 two-headed ogres (shapeshifter) (Vaults:5)
  7 deep troll shamans
  8 deep troll earth magi
  6 death yaks (Lair:5)
  A satyr (Zot:3)
  A vampire mage (Crypt:1)
  A hell hog (Lair:5)
  10 naga warriors
  A sphinx skeleton (Depths:3)
  5 tengu warriors
  2 occultists
  A shock serpent (shapeshifter) (Vaults:5)
  4 naga sharpshooters
  11 hell knights
  3 spriggan berserkers
  9 deep elf knights
  3 soul eaters
  10 shock serpents
  20 skeletal warriors
  5 iron trolls
  A sixfirhy (Depths:1)
  A skyshark (Lair:5)
  A sun demon (Zot:4)
  2 salamander mystics
  3 naga ritualists
  A spark wasp zombie (Depths:3)
  6 mana vipers
  5 arcanists
  6 spriggan druids
  3 large abominations (Depths:4)
  13 swamp dragons
  4 flayed ghosts
  2 obsidian statues
  An orb spider (shapeshifter) (Elf:2)
  5 glowing orange brains
  16 ironbound convokers
  3 goliath frogs
  6 lindwurms
  A tengu zombie (Depths:2)
  8 bog bodies
  3 harpies (Vaults:3)
  An orange crystal statue (Elf:1)
  28 deep elf pyromancers
  41 deep trolls
  5 deep elf archers
  28 deep elf zephyrmancers
  21 phantasmal warriors
  13 necromancers
  3 golden dragon skeletons
  A wolf spider zombie (Crypt:1)
  2 stone giant zombies
  3 wolf spiders
  7 orc sorcerers
  3 will-o-the-wisps
  3 manticores
  5 cyclopes
  3 orc knights (Vaults:4)
  A faun (shapeshifter) (Depths:3)
  7 salamanders
  19 moths of wrath
  27 ugly things
  5 kobold blastminers
  2 meliai (shapeshifter)
  A centaur zombie (Crypt:1)
  A titan simulacrum (Crypt:2)
  Joseph (D:10)
  A frost giant skeleton (Crypt:1)
  A guardian serpent (Snake:4)
  2 elf zombies
  3 dire elephant zombies (Crypt:3)
  20 vault sentinels
  14 naga magi
  16 elephants
  32 black mambas
  3 smoke demons
  10 cane toads
  2 orange demons (Swamp:4)
  A gargoyle (D:14)
  2 alligator snapping turtle zombies (Crypt:3)
  5 rime drakes
  2 tengu conjurers
  An efreet (D:14)
  6 komodo dragons
  13 yaktaurs
  A yaktaur skeleton (Vaults:2)
  8 freezing wraiths
  A guardian mummy (Crypt:3)
  Psyche (D:10)
  A polar bear (shapeshifter) (D:15)
  9 polar bears
  3 bloated husks
  2 harpy zombies (Crypt:3)
  6 trolls
  8 hornets
  3 hellwings
  A tarantella (Lair:2)
  6 tyrant leeches
  11 blink frogs
  A glass eye (Depths:2)
  A jumping spider zombie (Crypt:1)
  An ice dragon zombie (Crypt:1)
  3 jumping spiders
  An air elemental (Elf:3)
  2 centaur simulacra (D:15)
  An ettin zombie (Crypt:3)
  9 slime creatures
  2 fire dragon skeletons (Crypt:2)
  7 spriggans
  A vampire (D:11)
  3 shadows
  12 wraiths
  An ushabti (Crypt:3)
  7 water elementals
  7 wyverns
  5 fire elementals
  31 yaks
  8 wargs
  4 redbacks
  A basilisk (D:12)
  A neqoxec (Gauntlet)
  A redback (shapeshifter) (D:12)
  A hog (shapeshifter) (D:15)
  8 vampire mosquitoes
  5 chaos spawn (Swamp:4)
  15 humans (D:13)
  2 steam dragons
  A naga zombie (Crypt:2)
  14 swamp worms
  33 nagas
  4 acid dragons
  A cane toad zombie (Crypt:2)
  9 hell hounds
  7 water moccasins
  18 orc warriors
  9 black bears
  An ice beast (D:6)
  2 swamp drakes
  14 laughing skulls
  24 ogres
  18 wolves
  6 centaurs
  A human skeleton (Vaults:2)
  2 boggarts (Vaults:1)
  A phantom (D:4)
  2 kobold brigands
  19 bullfrogs
  A scorpion (D:7)
  2 earth elementals
  13 necrophages
  5 wyvern skeletons (Crypt:3)
  A wight (D:4)
  A shapeshifter zombie (Crypt:1)
  6 killer bees
  3 electric eels (Lair:2)
  4 howler monkeys
  5 lava snakes
  3 crimson imps (Gauntlet)
  6 jellies
  7 orc priests
  A bullfrog skeleton (Crypt:2)
  A gnoll bouda (D:7)
  7 hounds
  A centaur skeleton (Crypt:1)
  Jessica (D:3)
  5 iguanas
  17 orc wizards
  Terence (D:2)
  5 hell rats
  3 ogre zombies (D:12)
  7 gnolls
  7 adders
  A ribbon worm zombie (Crypt:1)
  A white imp (D:7)
  An adder zombie (Crypt:2)
  2 dart slugs (D:1)
  2 ribbon worms
  50 orcs
  11 endoplasms
  A giant cockroach (shapeshifter) (Elf:2)
  2 giant cockroaches
  17 goblins
  9 hobgoblins
  4 jackals (D:2)
  5 quokkas
  8 ball pythons
  7 bats
  3 frilled lizards
  4 gnoll skeletons (D:12)
  2 gnoll zombies (D:12)
  10 kobolds
  3 orc skeletons
  8 orc zombies (D:12)
  2 rats (D:1)
  2 aspiring fleshes
  A spectral weapon (Elf:2)
1724 creatures vanquished.

Vanquished Creatures (collateral kills)
  2 ancient liches (Zot:5)
  A dread lich (Zot:5)
  2 orbs of fire (Zot:5)
  2 juggernauts (Depths:3)
  Bai Suzhen (Swamp:4)
  A caustic shrike (Depths:3)
  A Killer Klown (Zot:5)
  Vv (Depths:4)
  A curse toe (Zot:4)
  4 golden dragons
  2 profane servitors (Crypt:3)
  A bone dragon (Crypt:3)
  5 tentacled monstrosities
  An electric golem (Zot:5)
  Jorgrun (Snake:3)
  A hellephant (Depths:2)
  7 Orb Guardians
  A lich (Crypt:2)
  A deep elf blademaster (Elf:3)
  A titan (Depths:3)
  4 quicksilver dragons
  A deep elf master archer (Elf:3)
  An ancient champion (Crypt:2)
  An Executioner (Depths:4)
  3 sphinxes
  5 shadow dragons
  8 storm dragons
  3 death cobs
  A thorn hunter (Swamp:4)
  Donald (Elf:3)
  2 iron dragons
  3 draconian knights
  A nagaraja (Snake:3)
  A draconian monk (Zot:5)
  3 deep elf sorcerers
  3 fire giants
  A fenstrider witch (Swamp:4)
  2 vault wardens (Vaults:1)
  A frost giant (Vaults:5)
  3 draconian shifters
  2 caustic shrike zombies (Crypt:3)
  A draconian stormcaller (Zot:5)
  2 spectral caustic shrikes (Depths:2)
  A draconian annihilator (Zot:2)
  6 ghouls
  3 reapers
  A spriggan defender (Depths:2)
  2 curse skulls
  7 very ugly things
  An angel (Depths:4)
  An ironbound preserver (Vaults:4)
  2 ironbound thunderhulks
  2 stone giants
  4 green draconians
  A vampire knight (Crypt:1)
  An orc warlord (Vaults:4)
  5 black draconians
  3 deep elf annihilators (Elf:3)
  3 eleionomae
  3 bunyips
  3 deep elf demonologists
  6 red draconians
  A white draconian (Zot:1)
  4 deep elf death magi
  3 spark wasps
  Azrael (D:14)
  A war gargoyle (Vaults:3)
  6 yellow draconians
  A minotaur (Gauntlet)
  7 dire elephants
  5 eidola
  An ettin (Depths:4)
  An entropy weaver (Vaults:3)
  A blizzard demon (Depths:2)
  A mummy priest (Crypt:3)
  3 fire dragons
  3 deep elf high priests (Elf:3)
  6 yaktaur captains
  A great orb of eyes (Vaults:3)
  9 vault guards
  2 rakshasas
  2 spriggan air magi
  5 hydras
  4 anacondas
  2 peacekeepers
  5 ironbound frosthearts
  An alligator (Swamp:3)
  5 dancing weapons (Elf:2)
  A death knight (Crypt:3)
  A boulder beetle (D:15)
  An ice dragon (Depths:3)
  A deep troll earth mage (Depths:3)
  4 naga sharpshooters
  A naga warrior (Snake:3)
  3 two-headed ogres
  3 deep troll shamans
  2 tengu warriors
  3 vampire magi
  An occultist (Depths:1)
  4 spriggan berserkers
  2 soul eaters
  9 spriggans
  2 hell knights (Crypt:2)
  2 shock serpents (Snake:2)
  A salamander mystic (Snake:3)
  7 deep elf knights
  A titan skeleton (Crypt:1)
  8 iron trolls
  8 deep trolls
  2 goliath frogs
  An anaconda zombie (Crypt:2)
  5 arcanists
  A spriggan druid (Swamp:4)
  7 flayed ghosts
  A naga ritualist (Snake:3)
  6 mana vipers (Snake:3)
  11 skeletal warriors
  A lindwurm (Vaults:3)
  A harpy (Vaults:3)
  5 ironbound convokers
  A shadow demon (Depths:4)
  Lodul (D:11)
  A swamp dragon (Swamp:4)
  7 phantasmal warriors
  4 necromancers
  6 deep elf archers
  5 deep elf pyromancers
  3 orc knights
  7 deep elf zephyrmancers
  An orc sorcerer (D:15)
  A wolf spider (Zot:1)
  4 ugly things
  A will-o-the-wisp (Swamp:2)
  A stone giant zombie (Crypt:1)
  3 moths of wrath
  2 cyclopes
  A salamander (Snake:2)
  An iron dragon skeleton (Crypt:1)
  8 black mambas
  A guardian serpent (Snake:2)
  An elephant (Lair:3)
  A centaur zombie (Crypt:3)
  A gargoyle (D:12)
  A centaur skeleton (D:15)
  2 vault sentinels
  2 cane toads
  3 naga magi
  5 yaktaurs
  A tengu conjurer (Depths:3)
  3 freezing wraiths
  6 trolls
  2 tyrant leeches
  2 bloated husks
  A raiju (Lair:5)
  A tengu simulacrum (Depths:2)
  8 hornets
  3 polar bears (Lair:5)
  A glass eye (Depths:4)
  5 slime creatures (Vaults:3)
  3 shadows
  A water elemental (Elf:3)
  2 blink frogs (Lair:2)
  A culicivora (Vaults:1)
  10 yaks
  A culicivora (shapeshifter) (Depths:3)
  3 wraiths
  A wyvern (D:9)
  4 basilisks
  2 humans (D:13)
  5 fire dragon skeletons (Crypt:2)
  2 wargs (Lair:5)
  A fire elemental (D:14)
  A wind drake skeleton (Crypt:2)
  A steam dragon (Lair:5)
  2 redbacks (Crypt:3)
  6 vampire mosquitoes
  A cane toad zombie (Crypt:2)
  A naga zombie (Crypt:3)
  7 nagas
  6 water moccasins
  8 hell hounds
  5 orc warriors
  An ice dragon simulacrum (Crypt:1)
  4 black bears (Lair:5)
  A dream sheep zombie (Crypt:2)
  5 laughing skulls
  8 ogres
  3 boggarts (Vaults:1)
  A centaur (D:11)
  8 wolves
  2 bullfrogs
  A gnoll sergeant (D:11)
  A necrophage (Crypt:3)
  A naga simulacrum (Crypt:1)
  A wyvern skeleton (Crypt:3)
  2 troll zombies (D:12)
  A howler monkey (D:9)
  An electric eel (D:14)
  A hound (Lair:3)
  A jelly (D:6)
  4 orc priests
  5 orc wizards
  An iguana (Lair:5)
  6 hell rats
  An ogre zombie (D:12)
  A mummy (Crypt:3)
  2 adders
  A shadow imp (Gauntlet)
  17 orcs
  A kobold (D:7)
  3 orc zombies (D:12)
  An aspiring flesh (Zot:1)
  A spectral weapon (Elf:2)
601 creatures vanquished.

Vanquished Creatures (others)
  A vault warden (Vaults:5)
  A stone giant (Depths:3)
  A yaktaur captain (Vaults:2)
  A deep elf zephyrmancer (Elf:2)
  A yaktaur (Vaults:3)
  A bloated husk (Swamp:2)
  A spriggan (Depths:3)
  A black bear (D:6)
  An orc priest (D:5)
  33 knights
  2 iguanas
  A gnoll (D:7)
  A dart slug (D:5)
  An orc (D:4)
  6 foxfires
53 creatures vanquished.

Grand Total: 2378 creatures vanquished

Notes
Turn   | Place    | Note
-------+----------+-------------------------------------------
     0 | D:1      | Ge0ff the Mummy Artificer began the quest for the Orb.
     0 | D:1      | Reached XP level 1. HP: 15/15 MP: 1/1
   307 | D:1      | Reached skill level 1 in Stealth
   307 | D:1      | Reached XP level 2. HP: 15/21 MP: 2/2
   515 | D:1      | Reached skill level 1 in Ranged Weapons
   638 | D:1      | Reached XP level 3. HP: 26/26 MP: 3/3
  1288 | D:1      | Found a faded altar of an unknown god.
  1368 | D:2      | Found Caewuc's Weapon Shop.
  1417 | D:2      | Noticed Terence
  1437 | D:2      | Killed Terence
  1566 | D:2      | Reached XP level 4. HP: 32/33 MP: 4/4
  1669 | D:2      | Reached skill level 1 in Polearms
  2365 | D:3      | Found Acku's Antique Armour Shop.
  2453 | D:3      | Found Dauguteb's Jewellery Boutique.
  2560 | D:3      | Found Mamiegh's Distillery.
  2560 | D:3      | You fall into a shaft and drop 1 floor!
  2750 | D:3      | Noticed Jessica
  2753 | D:3      | Killed Jessica
  2754 | D:3      | Reached XP level 5. HP: 24/38 MP: 5/5
  3403 | D:3      | Found Tiareax's Magic Scroll Emporium.
  3421 | D:3      | Found Kan Tody's Book Shoppe.
  3425 | D:3      | Bought a scroll of noise for 11 gold pieces
  3426 | D:3      | Bought a scroll of identify for 22 gold pieces
  3426 | D:3      | Bought a scroll of fog for 44 gold pieces
  3426 | D:3      | Bought a scroll of identify for 22 gold pieces
  3860 | D:4      | Found a snail-covered altar of Cheibriados.
  3880 | D:4      | Reached XP level 6. HP: 34/46 MP: 6/6
  3936 | D:4      | Found a shadowy altar of Dithmenos.
  4465 | D:5      | Entered Level 5 of the Dungeon
  4716 | D:5      | Reached XP level 7. HP: 21/52 MP: 7/7
  5090 | D:5      | Identified the amulet of Winter {Faith rPois rC++ Stlth-}
  5341 | D:6      | Found a sparkling altar of Nemelex Xobeh.
  5368 | D:6      | Reached skill level 5 in Ranged Weapons
  5664 | D:6      | Reached XP level 8. HP: 49/58 MP: 8/8
  5697 | D:6      | Found a radiant altar of Vehumet.
  6762 | D:7      | Found a staircase to the Ecumenical Temple.
  6799 | Temple   | Entered the Ecumenical Temple
  6808 | Temple   | Became a worshipper of Hepliaklqana the Forgotten
  7169 | D:7      | Reached * piety under Hepliaklqana
  7865 | D:8      | Reached XP level 9. HP: 25/56 MP: 9/9
  8046 | D:8      | Reached ** piety under Hepliaklqana
  8047 | D:8      | Remembered your ancestor Setora as a knight
  8645 | D:9      | Noticed a troll
  8654 | D:9      | Killed a troll
  8655 | D:9      | Reached skill level 10 in Ranged Weapons
  8664 | D:9      | Noticed Harold
  8684 | D:9      | Killed Harold
  8685 | D:9      | Reached XP level 10. HP: 24/63 MP: 10/10
  9619 | D:10     | Entered Level 10 of the Dungeon
  9619 | D:10     | Noticed a two-headed ogre
  9622 | D:10     | Noticed a two-headed ogre
  9628 | D:10     | Killed a two-headed ogre
  9629 | D:10     | Reached skill level 1 in Dodging
  9630 | D:10     | Noticed Josephine
  9632 | D:10     | Killed a two-headed ogre
  9633 | D:10     | Reached skill level 1 in Invocations
  9634 | D:10     | Killed Psyche
  9636 | D:10     | Killed Josephine
  9640 | D:10     | Reached skill level 5 in Fighting
  9787 | D:10     | Found a bloodstained altar of Trog.
 10019 | D:3      | Bought an amulet of guardian spirit for 390 gold pieces
 10311 | D:10     | Reached XP level 11. HP: 72/72 MP: 12/12
 10352 | D:10     | Got Sif Muna's Tractate on Niveous Calefaction
 10428 | D:10     | Found a staircase to the Lair.
 10528 | D:10     | Noticed Joseph
 10543 | D:10     | Killed Joseph
 10749 | D:10     | Reached *** piety under Hepliaklqana
 10751 | D:10     | Found Osikk's Armour Emporium.
 10949 | D:10     | Identified the +0 helmet of the Twenty Towns {Dex+2}
 10981 | D:10     | Found a blossoming altar of Fedhas.
 10982 | D:10     | Found a hide-covered altar of Uskayaw.
 11762 | D:11     | Reached skill level 5 in Evocations
 11867 | D:11     | Noticed Lodul
 11914 | D:11     | Killed Lodul
 12009 | D:10     | Bought the +1 pair of gloves of the Orcish Mines {Fly
                  | Dex+3} for 323 gold pieces
 12063 | D:11     | Noticed a two-headed ogre
 12077 | D:11     | Killed a two-headed ogre
 12644 | Lair:1   | Entered Level 1 of the Lair of Beasts
 12866 | Lair:1   | Reached **** piety under Hepliaklqana
 12970 | Lair:1   | Reached XP level 12. HP: 83/83 MP: 15/15
 13039 | Lair:1   | You are sucked into a shaft and drop 1 floor!
 13039 | Lair:2   | Found a staircase to the Snake Pit.
 13440 | Lair:2   | Reached skill level 5 in Invocations
 13602 | Lair:1   | Noticed Gastronok
 13618 | Lair:1   | Killed Gastronok
 14149 | Lair:2   | Noticed an eight-headed hydra
 14156 | Lair:2   | Noticed a four-headed hydra
 14158 | Lair:2   | Killed an eight-headed hydra
 14167 | Lair:2   | Killed a four-headed hydra
 14213 | Lair:2   | Noticed a six-headed hydra
 14222 | Lair:2   | Killed a six-headed hydra
 14383 | Lair:2   | Found a runed translucent door.
 14432 | Lair:2   | Reached skill level 10 in Fighting
 14487 | Lair:2   | Found a runed translucent gate.
 14487 | Lair:2   | Found a runed translucent gate.
 14487 | Lair:2   | Found a runed translucent gate.
 14487 | Lair:2   | Found a runed translucent gate.
 14487 | Lair:2   | Found a runed translucent gate.
 14487 | Lair:2   | Found a runed translucent gate.
 14487 | Lair:2   | Reached ***** piety under Hepliaklqana
 14487 | Lair:2   | Noticed a boulder beetle
 14487 | Lair:2   | Noticed a boulder beetle
 14522 | Lair:2   | Killed a boulder beetle
 14541 | Lair:2   | Killed a boulder beetle
 14720 | Lair:2   | Found a staircase to the Swamp.
 15504 | Lair:3   | Noticed a seven-headed hydra
 15514 | Lair:3   | Killed a seven-headed hydra
 15607 | Lair:3   | Reached skill level 1 in Throwing
 15607 | Lair:3   | Gained mutation: You are strongly in touch with the powers
                  | of death. [Mummy growth]
 15607 | Lair:3   | Reached XP level 13. HP: 92/92 MP: 16/17
 17626 | Lair:4   | Identified a scroll of acquirement
 17771 | Lair:5   | Entered Level 5 of the Lair of Beasts
 18198 | Lair:5   | Reached XP level 14. HP: 101/101 MP: 19/19
 18776 | Lair:5   | Found a viscous altar of Jiyva.
 18777 | Lair:5   | Found a staircase to the Slime Pits.
 19109 | Lair:5   | Reached skill level 5 in Armour
 19639 | Lair:5   | Reached skill level 5 in Dodging
 20424 | D:12     | Found Dofixeit's Weapon Emporium.
 20432 | D:12     | Acquired 961 gold pieces
 20434 | D:12     | Bought a +1 longbow of freezing for 336 gold pieces
 21188 | D:12     | Found a staircase to the Orcish Mines.
 21801 | D:12     | Got Ereshkigal's Compilation of the Shot
 21932 | Orc:1    | Entered Level 1 of the Orcish Mines
 21942 | Orc:1    | Reached skill level 15 in Ranged Weapons
 22571 | Orc:2    | Entered Level 2 of the Orcish Mines
 22584 | Orc:2    | Found Obrouzit's Book Shoppe.
 22693 | Orc:1    | Reached XP level 15. HP: 105/110 MP: 21/21
 23187 | Orc:2    | Found Byomn's General Store.
 23196 | Orc:2    | Found Reekk's Weapon Shoppe.
 23197 | Orc:2    | Found Qurod's Magic Scroll Boutique.
 23207 | Orc:2    | Bought a scroll of enchant armour for 112 gold pieces
 23207 | Orc:2    | Bought a scroll of enchant armour for 112 gold pieces
 23212 | Orc:2    | Bought a potion of degeneration for 16 gold pieces
 23403 | Orc:2    | Found a staircase to the Elven Halls.
 23556 | Orc:2    | Bought a scroll of teleportation for 45 gold pieces
 23556 | Orc:2    | Bought a scroll of fog for 60 gold pieces
 23556 | Orc:2    | Bought a scroll of blinking for 112 gold pieces
 23565 | Orc:2    | Bought a wand of iceblast (2) for 76 gold pieces
 23565 | Orc:2    | Bought a scroll of vulnerability for 64 gold pieces
 23565 | Orc:2    | Bought a scroll of teleportation for 48 gold pieces
 23565 | Orc:2    | Bought a scroll of brand weapon for 152 gold pieces
 23708 | D:13     | Found a gate leading to a gauntlet.
 23740 | Gauntlet | Entered a Gauntlet
 23740 | Gauntlet | Found a transporter.
 23955 | Gauntlet | Found a transporter.
 23959 | Gauntlet | Found a transporter.
 23967 | Gauntlet | Found a transporter.
 23971 | Gauntlet | Found a transporter.
 23982 | Gauntlet | Found a transporter.
 23983 | Gauntlet | Found a transporter.
 23991 | Gauntlet | Found a transporter.
 23995 | Gauntlet | Found a transporter.
 24004 | Gauntlet | Found a transporter.
 24035 | Gauntlet | Found a transporter.
 24047 | Gauntlet | Found a transporter.
 24060 | Gauntlet | Found a transporter.
 24073 | Gauntlet | Found a transporter.
 24855 | D:13     | Found a gate to the Vaults.
 25631 | D:14     | Found a shadowy altar of Dithmenos.
 25780 | D:14     | Found Counwef's Weapon Shoppe.
 26244 | D:14     | Reached XP level 16. HP: 120/120 MP: 23/23
 26514 | D:14     | Noticed Azrael
 26519 | D:14     | Killed Azrael
 26597 | D:14     | Noticed Roxanne
 26845 | D:14     | Killed Roxanne
 26917 | D:15     | Entered Level 15 of the Dungeon
 26917 | D:15     | Noticed Louise
 26925 | D:15     | Killed Louise
 26992 | D:15     | Noticed Nessos
 26998 | D:15     | Killed Nessos
 27194 | D:15     | Found a staircase to the Depths.
 27199 | D:15     | Reached skill level 10 in Invocations
 27349 | D:15     | Identified the +3 dagger "Jusadgh" {antimagic, rN++ rCorr
                  | Int+3 Stlth-}
 28491 | D:3      | Bought a scroll of blinking for 82 gold pieces
 28491 | D:3      | Bought a scroll of fog for 44 gold pieces
 28491 | D:3      | Bought a scroll of fog for 44 gold pieces
 28491 | D:3      | Bought a scroll of blinking for 82 gold pieces
 28781 | Snake:1  | Entered Level 1 of the Snake Pit
 29559 | Snake:1  | You are sucked into a shaft and drop 1 floor!
 29626 | Snake:3  | Noticed Jorgrun
 29639 | Snake:3  | Killed Jorgrun
 29736 | Snake:3  | Reached skill level 15 in Fighting
 29912 | Snake:3  | Noticed Asterion
 30133 | Snake:3  | Identified the serpent talisman of Atheism {rN++ Str+4
                  | Dex-2}
 30133 | Snake:3  | Noticed Aizul
 30142 | Snake:3  | Killed Aizul
 30242 | Snake:3  | Killed Asterion
 30561 | Snake:3  | Found Ruwneush's Jewellery Boutique.
 31335 | Snake:3  | Reached XP level 17. HP: 127/127 MP: 24/24
 32679 | Snake:2  | Found the +5 Storm Queen's Shield {shock, Fly rElec}
 33124 | Snake:2  | Reached skill level 1 in Shields
 33293 | Snake:2  | Identified the +3 ring mail of the Lair of Beasts {rF+
                  | Will+}
 34539 | Snake:4  | Entered Level 4 of the Snake Pit
 34580 | Snake:4  | Noticed Agnes
 34589 | Snake:4  | Killed Agnes
 34755 | Snake:4  | Found a basalt altar of Yredelemnul.
 35808 | Snake:4  | Reached skill level 5 in Shields
 35918 | Snake:4  | Noticed a quicksilver dragon
 35923 | Snake:4  | Killed a quicksilver dragon
 36113 | Snake:4  | Got a serpentine rune of Zot
 36285 | Swamp:1  | Entered Level 1 of the Swamp
 37319 | Swamp:2  | Reached ****** piety under Hepliaklqana
 37354 | Swamp:2  | Reached XP level 18. HP: 135/135 MP: 26/26
 37715 | Swamp:2  | Identified the +2 robe of Peek-a-Boo {Str+2}
 37757 | Swamp:2  | Learned a level 1 spell: Apportation
 38202 | Swamp:3  | Noticed Mara
 38213 | Swamp:3  | Killed Mara
 38506 | Swamp:3  | Acquired a manual of Invocations
 38916 | Swamp:4  | Entered Level 4 of the Swamp
 40180 | Swamp:4  | Noticed Bai Suzhen
 40194 | Swamp:4  | Killed Bai Suzhen
 40713 | Swamp:4  | Reached skill level 10 in Shields
 41306 | Swamp:4  | Got a decaying rune of Zot
 42225 | Elf:1    | Entered Level 1 of the Elven Halls
 42657 | Elf:1    | Reached XP level 19. HP: 141/141 MP: 27/27
 42696 | Elf:1    | Got the Vademecum on the Necrotic Cwm
 42710 | Elf:1    | Paralysed by an air elemental for 1 turns
 42946 | Elf:1    | Found Xobbof's Armour Shop.
 42950 | Elf:1    | Bought the +3 cloak of Nastiris {rF++} for 616 gold pieces
 43231 | Elf:1    | Got the Incunable of Generative Fulmination
 43258 | Elf:2    | Noticed a Brimstone Fiend
 43674 | Elf:2    | Found a runed translucent gate.
 43675 | Elf:2    | Found a runed translucent gate.
 43681 | Elf:2    | Found a runed translucent gate.
 43784 | Elf:2    | Identified the +1 robe of Vuduemp {Archmagi}
 44777 | Elf:3    | Entered Level 3 of the Elven Halls
 44796 | Elf:3    | Noticed Saint Roka
 44805 | Elf:3    | Killed Saint Roka
 44959 | Elf:3    | Found a shimmering blue altar of Sif Muna.
 45286 | Elf:3    | Found Yhasaq's General Store.
 45294 | Elf:3    | Bought a scroll of enchant weapon for 82 gold pieces
 45294 | Elf:3    | Bought a scroll of poison for 44 gold pieces
 45473 | Elf:3    | Noticed Donald
 45480 | Elf:3    | Killed Donald
 45666 | Elf:3    | Identified the staff "Myupt" {rF+ rC+ Ice}
 45711 | Elf:3    | Identified the ring "Qaihor" {+Blink rF- Dex+4 Slay+4}
 45752 | Elf:3    | Identified the +8 chain mail of a bazaar {rCorr Int+2
                  | Stlth+}
 45752 | Elf:3    | Identified the ring "Nant" {rC+ rN+ SInv}
 45951 | Elf:3    | Reached skill level 15 in Shields
 46189 | Elf:3    | Identified the ring of Freedom {rElec rPois Will+ Str+3
                  | Dex+3}
 46216 | Elf:3    | Reached XP level 20. HP: 147/147 MP: 28/28
 46423 | Elf:3    | Identified the staff of the Absolute Madman {rElec Dex+2
                  | Air}
 46985 | Vaults:1 | Entered Level 1 of the Vaults
 49278 | Vaults:3 | Found a staircase to the Crypt.
 49976 | Vaults:3 | Noticed a golden dragon
 49980 | Vaults:3 | Killed a golden dragon
 49981 | Vaults:3 | Reached skill level 5 in Throwing
 50030 | Vaults:3 | Identified the ring "Fatosiet" {Wiz Will+ Dex+4}
 50034 | Vaults:3 | Identified the amulet of the Zebrataur {Spirit rF- Will++
                  | Slay+5}
 50042 | Vaults:3 | Identified the +1 sling of Dishonesty {drain, Str+3}
 50043 | Vaults:3 | Identified the ring of Panentheism {EV+5 Str+6 Int-2}
 50168 | Vaults:3 | Found a gateway to a bazaar.
 50181 | Bazaar   | Entered a bazaar
 50202 | Bazaar   | Found Lisurch's Weapon Emporium.
 50230 | Bazaar   | Found Ymistr Ureh's Book Emporium.
 50487 | Vaults:3 | Reached skill level 15 in Invocations
 50736 | Vaults:4 | Reached XP level 21. HP: 154/162 MP: 29/32
 51399 | Vaults:4 | Reached skill level 10 in Armour
 51483 | Vaults:4 | Identified the +4 glaive of the Warrior {spect, rF+++ rC+
                  | Int+2 Stlth-}
 51823 | Crypt:1  | Entered Level 1 of the Crypt
 53650 | Crypt:2  | Reached XP level 22. HP: 155/172 MP: 28/34
 53662 | Crypt:2  | Identified the +2 cloak of Absolutism {rCorr}
 54221 | Crypt:3  | Entered Level 3 of the Crypt
 54589 | Crypt:3  | Found a basalt altar of Yredelemnul.
 54916 | Crypt:3  | Found the +8 Vampire's Tooth {megavamp}
 54916 | Crypt:3  | Found the ring of the Octopus King
 55028 | Crypt:3  | Identified the -2 cloak "Ewneecw" {Will- rCorr MP+9}
 55040 | Crypt:3  | Identified the staff of Beyond {rElec rF- Int+4 Stlth+ Air}
 55042 | Crypt:3  | Identified a ring of the Octopus King {rCorr HP+2 AC+2 EV+2
                  | SH+2}
 55555 | Crypt:3  | Found a staircase to the Tomb.
 56015 | Crypt:3  | Identified the +6 quarterstaff of the Stork {antimagic,
                  | Stlth+}
 56586 | Depths:1 | Entered Level 1 of the Depths
 56917 | Depths:1 | Found a one-way gate to the infinite horrors of the Abyss.
 57084 | Depths:1 | Found a gateway to Hell.
 58073 | Depths:2 | Reached XP level 23. HP: 180/180 MP: 31/35
 58390 | Depths:2 | Reached skill level 10 in Dodging
 58977 | Depths:2 | Identified the +0 helmet of the Pink Corner {rElec}
 59119 | Depths:2 | Found a one-way gate leading to the halls of Pandemonium.
 59918 | Depths:3 | Noticed a caustic shrike
 59920 | Depths:3 | Noticed a caustic shrike
 59930 | Depths:3 | Noticed a caustic shrike
 59931 | Depths:3 | Killed a caustic shrike
 59933 | Depths:3 | Noticed a caustic shrike
 59948 | Depths:2 | Killed a caustic shrike
 60405 | Depths:3 | Killed a caustic shrike
 60495 | Depths:3 | Noticed a juggernaut
 60505 | Depths:3 | Killed a juggernaut
 60529 | Depths:3 | Noticed a juggernaut
 60535 | Depths:3 | Killed a caustic shrike
 60537 | Depths:3 | Killed a juggernaut
 60703 | Depths:3 | Noticed a caustic shrike
 60707 | Depths:3 | Killed a caustic shrike
 62157 | Depths:3 | Reached XP level 24. HP: 187/187 MP: 36/36
 62240 | Depths:4 | Entered Level 4 of the Depths
 62392 | Depths:4 | Found a one-way gateway to a ziggurat.
 62479 | Depths:4 | Found Yczotebb's Jewellery Emporium.
 62482 | Depths:4 | Noticed Vv
 62497 | Depths:4 | Killed Vv
 62550 | Depths:4 | Found Cet Jiekk's Armour Shoppe.
 62770 | Depths:4 | Identified the +1 dire flail of Symmetry {protect, rElec
                  | rF+ Int+3}
 62892 | Depths:4 | Found a shimmering altar of Xom.
 62904 | Depths:4 | Found a shimmering altar of Xom.
 63553 | Depths:4 | Found a gate to the Realm of Zot.
 64072 | Vaults:5 | Entered Level 5 of the Vaults
 64760 | Vaults:5 | Identified the +2 long sword "Pimag" {pain, Will+}
 64765 | Vaults:5 | Reached skill level 1 in Spellcasting
 64838 | Vaults:5 | Reached skill level 1 in Translocations
 65522 | Vaults:5 | Identified the staff "Ujef" {rC- rN+ rCorr SInv Necro}
 65825 | Vaults:5 | Reached skill level 5 in Spellcasting
 65838 | Vaults:5 | Identified the +0 plate armour of Ytituo {rF++ rN+ Str+3
                  | Dex-2}
 65935 | Vaults:5 | Identified the +8 orcbow "Ficlenti" {antimagic, ^Drain rC+
                  | Dex+2}
 65998 | Vaults:5 | Identified the ring of the Wary Mice {Wiz rC+}
 66113 | Vaults:5 | Identified the -1 helmet of the Vestibule of Hell {Fly
                  | rElec rC+}
 66118 | Vaults:5 | Got a silver rune of Zot
 66740 | Zot:1    | Entered Level 1 of the Realm of Zot
 66784 | Zot:1    | Reached XP level 25. HP: 175/192 MP: 33/36
 67384 | Zot:1    | Reached skill level 5 in Translocations
 67539 | Zot:1    | Reached skill level 10 in Evocations
 69337 | Zot:2    | Learned a level 3 spell: Passwall
 69685 | Zot:4    | Reached skill level 1 in Earth Magic
 70204 | Zot:4    | Found the ring of Shadows {Umbra +Inv Stlth+}
 70883 | Zot:5    | Entered Level 5 of the Realm of Zot
 71374 | Zot:5    | Noticed a Killer Klown
 71377 | Zot:5    | Killed a Killer Klown
 71383 | Zot:5    | Reached skill level 10 in Spellcasting
 71595 | Zot:5    | Noticed an ancient lich
 71600 | Zot:5    | Killed an ancient lich
 71921 | Zot:5    | Noticed an orb of fire
 71923 | Zot:5    | Noticed a dread lich
 71965 | Zot:5    | Noticed a Killer Klown
 71967 | Zot:5    | Noticed an orb of fire
 71975 | Zot:5    | Killed an orb of fire
 71986 | Zot:5    | Killed a Killer Klown
 71987 | Zot:5    | Reached XP level 26. HP: 122/199 MP: 22/37
 72459 | Zot:5    | Killed an orb of fire
 72617 | Zot:5    | Identified the blade talisman of Yredelemnul's Approval
                  | {rPois Str+3 Slay+2}
 72869 | Zot:5    | Noticed a dread lich
 72875 | Zot:5    | Killed a dread lich
 73424 | Orc:2    | Bought a book of Spatial Translocations for 234 gold pieces
 73427 | Orc:2    | Learned a level 2 spell: Blink
 73944 | Zot:5    | Killed a dread lich
 73955 | Zot:5    | Noticed an ancient lich
 73959 | Zot:5    | Killed an ancient lich
 74126 | Zot:5    | Noticed an orb of fire
 74474 | Zot:5    | Killed an orb of fire
 74570 | Zot:5    | Noticed an ancient lich
 74576 | Zot:5    | Killed an ancient lich
 74577 | Zot:5    | Reached skill level 5 in Earth Magic
 74951 | Zot:5    | Fell from the grace of Hepliaklqana
 75495 | Temple   | Became a worshipper of Hepliaklqana the Forgotten
 76410 | Zot:2    | Found a snail-covered altar of Cheibriados.
 77350 | Zot:3    | Acquired 294 gold pieces
 77925 | Zot:5    | Got the Orb of Zot
 78286 | Depths:1 | Noticed Beamufoh the pandemonium lord
 78628 | D:$      | Escaped with the Orb!

Illustrated notes

Levels and vault maps discovered:
D:1:      minmay_arrival_up_and_down, layout_loops_corners,
          hellmonk_ecumenical_altar_slurped_away,
          chequers_serial_rivers_large_a, minmay_strange_pillars,
          glass_columns_a
D:2:      layout_loops_ring, serial_shops, shop, uniq_terence
D:3:      layout_rooms, serial_shops, shop, shop,
          nicolae_shop_industrial_runoff, shop_scrolls, nicolae_shop_crystal,
          serial_co_window_serial, co_window_paths_a, co_window_paths_b,
          co_window_corner_a, co_window_paths_a, co_window_corner_a,
          co_window_corner_a, co_window_paths_b, co_window_of_opportunity_c,
          co_window_corner_b, co_window_broadway_b, co_window_broadway_a,
          co_window_4corner_a, glass_columns_a, glass_columns_a,
          glass_columns_a, uniq_jessica
D:4:      layout_basic, minitemple, chequers_jeans, dreamdust_wishing_well,
          minmay_manual_moon
D:5:      layout_rooms, corexii_checkpoint, lemuel_flamethrower_1
D:6:      layout_loops_ring, old_standard_altar,
          mainiacjoe_overflow_small_starburst
D:7:      layout_layer_cave, mainiacjoe_overflow_brackets,
          minmay_temple_entry_drinking_statues
D:8:      layout_rooms
D:9:      layout_small_grid, tso_oasis_becter, minmay_misc_feat_encased,
          uniq_harold
D:10:     layout_loops_ring, gammafunk_temple_overflow_statue,
          lemuel_tele_altar, lair_entry_dummy, serial_shops, shop,
          uniq_josephine, uniq_psyche, uniq_joseph
D:11:     layout_long_grid, uniq_lodul
D:12:     layout_grid_maze, zombieorc1_lemuel, serial_shops,
          nicolae_shop_waterfront, kennysheep_four_rooms
D:13:     layout_rooms, grunt_vaults_entry_tiered, gauntlet_entry_generic
D:14:     layout_roguey, serial_shops, shop, grunt_dithmenos_shadows,
          serial_bayou, serial_bayou_ford_a, serial_bayou_pond_d,
          serial_bayou_pond_d, serial_bayou_crossing, uniq_azrael, uniq_roxanne
D:15:     grunt_enter_depths_magical_seal, layout_grid_maze, uniq_nessos,
          uniq_louise
Temple:   dshaligram_water_room_temple
Lair:1:   layout_chaotic_city, uniq_gastronok
Lair:2:   gammafunk_indiana_jones, layout_loops_ring,
          nicolae_swamp_entry_splash_gauntlet, guppyfry_snake_entry_island,
          guppyfry_lair_drakes
Lair:3:   beast_lair_carwin_large_4, layout_loops_ring
Lair:4:   layout_gridlike, nzn_sisyphean_effort
Lair:5:   guppyfry_lair_end_dragon, layout_regular_city,
          hangedman_lair_caniforms_friends, slime_entry_2
Swamp:1:  layout_basic_swamp, hangedman_swamp_ruin_wall, swamp_pool_1_2,
          nicolae_swamp_fairy_circle
Swamp:2:  layout_basic_swamp, evilmike_swamp_ruin_rubble_2, swamp_pool_4
Swamp:3:  layout_falls_marsh, evilmike_swamp_ruin_house_3, swamp_pool_1_2,
          uniq_mara
Swamp:4:  nzn_swamp_witches_coven, layout_basic_swamp, swamp_pool_1_2,
          uniq_bai_suzhen
Snake:1:  layout_grid_maze
Snake:2:  layout_layer_cave, nicolae_snake_round_shape_thing,
          grunt_ministairs_11, nicolae_snake_shapes
Snake:3:  layout_layer_cave, nicolae_snake_mages_go_home, serial_bayou_shore_b,
          minmay_shop_star, uniq_jorgrun, uniq_asterion, uniq_aizul
Snake:4:  hellmonk_snake_rune_quicksilver_temple, layout_misc_corridors,
          basic_altar, st_stairs_2, uniq_agnes
Orc:1:    nicolae_orc_accident_3, layout_diamond_mine
Orc:2:    st_orc_open, layout_caves, statue_in_the_mist_lemuel
Elf:1:    layout_loops_ring, serial_shops, nicolae_shop_back_alley_shop,
          minmay_elf_sorcery, minivault_16
Elf:2:    elven_hall_of_blades_hangedman_original
          [nicolae_blade_entry_antechamber], layout_geoelf_octagon
Elf:3:    minmay_elf_hall_furrowed, layout_loops_corners, basic_altar,
          serial_shops, shop, minmay_misc_feat_diagonals, uniq_donald,
          uniq_saint_roka
Vaults:1: v_misc_23, nicolae_vaults_yaktaur_gun_rack,
          nicolae_vaults_tetromino_T_2, nicolae_vaults_back_hallway,
          nicolae_vaults_heart-shaped_vault, nicolae_vaults_shrinking_rooms_1,
          v_misc_22, v_misc_30, layout_vaults_chaotic_city
Vaults:2: vaults_room_glass_cross, vaults_standard_mumra_x, vaults_room_octagon,
          nicolae_vaults_tetromino_L_2, hangedman_vaults_unwind,
          vaults_room_semicircle, nicolae_vaults_tetromino_T_2,
          nicolae_vaults_variable_pillar_hall, nicolae_vaults_more_shelving_2,
          v_misc_16, v_misc_5, vaults_standard_mumra_lines, v_misc_11,
          nicolae_vaults_double_plus_1, layout_vaults_omnibox
Vaults:3: nicolae_vaults_diamond_2, nicolae_vaults_triangles,
          nicolae_vaults_storing_the_good_stuff,
          nicolae_vaults_twisting_passages, v_misc_3,
          nicolae_vaults_hexular_roomagon, v_misc_28,
          nicolae_vaults_tetromino_Z_2, nicolae_vaults_rhombus_5,
          nicolae_vaults_angled_halls, nicolae_vaults_trapezoid_1,
          nicolae_vaults_apartment_1, layout_vaults_quadrants, serial_shops,
          statue_bzr
Vaults:4: vaults_room_semicircle, nicolae_vaults_tetromino_Z_1, v_misc_2,
          ontoclasm_vaults_claustrophobia, nicolae_vaults_sesquioval_fish,
          hangedman_vaults_restitches, nicolae_vaults_inception_corners,
          nicolae_vaults_storage_closets_2, hangedman_vaults_variations,
          nicolae_vaults_variable_pillar_hall,
          nicolae_vaults_trapezoid_lopsided_3, nicolae_vaults_tetromino_L_1,
          nicolae_vaults_octothorpe, nicolae_vaults_enemy_cabinets,
          layout_vaults_maze
Vaults:5
Crypt:1:  layout_regular_city, st_stairs_6, grunt_ministairs_2,
          grunt_crypt_arrival_webbed
Crypt:2:  cheibrodos_crypt_draghalla, layout_basic, chequers_big_river
Crypt:3:  evilmike_haunted_forest
Depths:1: layout_gridlike, hell_entry, abyss_entry_small_statue_room,
          patterned_corridor, grunt_ministairs_8, lemuel_nasty_fountain,
          serial_bayou_shore_b
Depths:2: mu_elephants_graveyard, layout_cave_pools, rand_demon_pan_entry_8,
          pf_hell_entry_tar_river
Depths:3: grunt_runaround [grunt_runaround_loot, grunt_runaround_doors_1,
          grunt_runaround_doors_2, grunt_runaround_doors_3,
          grunt_runaround_doors_4], abyss_entry, hell_entry, serial_shops
Depths:4: evilmike_zot_entry_gauntlet, layout_gridlike, enter_ziggurat_d,
          xom_redecorated, hell_entry, hangedman_abyss_or_decor_passed,
          interstate_on_off, minmay_shoptagon, uniq_vv
Zot:1:    layout_cathedral_of_symmetry, grunt_megastairs_4
Zot:2:    layout_misc_corridors, regret_index_zotdec_serpentine_scales
Zot:3:    layout_basic, regret_index_zotdec_abyssal_contain_seething_sorcery,
          st_stairs_12
Zot:4:    layout_basic, grunt_megastairs_5
Zot:5:    layout_cathedral_of_symmetry

Skill      XL: |  1  2  3  4  5  6  7  8  9 10 11 12 13 14 15 16 17 18 19 20 21 22 23 24 25 26 |
---------------+-------------------------------------------------------------------------------+-----
Stealth        | 1 2 4 |  4.7
Ranged Weapons | 1 2 3 5 8 10 11 12 14 15 16 17 18 19 20 | 20.0
Evocations     | 3 4 5 6 7 8 9 10 11 | 11.2
Polearms       | 1 2 3 |  3.0
Fighting       | 2 3 5 8 10 11 13 14 15 16 19 20 21 | 21.0
Dodging        | 2 4 5 6 8 9 10 11 12 13 | 13.0
Armour         | 2 4 6 7 8 9 10 11 12 | 12.6
Invocations    | 2 4 6 7 8 9 10 11 15 16 17 18 19 20 21 | 21.1
Throwing       | 1 3 5 6 |  6.0
Shields        | 6 11 15 16 17 | 17.0
Spellcasting   | 5 10 | 10.0
Translocations | 4 7 8 |  8.2
Earth Magic    | 3 7 |  7.0

Action                     |  1- 3 |  4- 6 |  7- 9 | 10-12 | 13-15 | 16-18 | 19-21 | 22-24 | 25-27 || total
---------------------------+-------+-------+-------+-------+-------+-------+-------+-------+-------++-------
  Melee: Club              |    18 |       |       |       |       |       |       |       |       ||    18
         Spear             |   100 |   233 |   271 |    34 |       |       |       |       |       ||   638
         Punch             |     4 |     5 |     6 |       |       |       |       |       |       ||    15
         Dagger            |       |       |     6 |     9 |       |       |       |       |       ||    15
         Quick blade       |       |       |       |       |       |       |       |       |    18 ||    18
   Fire: Shortbow          |       |       |       |   643 |   939 |       |       |       |       ||  1582
         Longbow           |       |       |       |       |   581 |  1345 |       |       |       ||  1926
         Hand cannon       |       |       |       |       |       |    79 |  1085 |  1320 |   769 ||  3253
  Throw: Stone             |       |    13 |     1 |       |       |       |       |       |       ||    14
         Dart              |       |       |     6 |     2 |     2 |     4 |     2 |     2 |     2 ||    20
         Throwing net      |       |       |       |     5 |     1 |     4 |     1 |     2 |     1 ||    14
   Cast: Apportation       |       |       |       |       |       |       |       |     3 |     4 ||     7
         Blink             |       |       |       |       |       |       |       |       |     4 ||     4
 Invoke: Ancestor Identity |       |       |     1 |       |       |       |       |       |       ||     1
         Recall Ancestor   |       |       |     1 |    10 |    10 |    12 |     4 |     8 |    10 ||    55
         Ancestor Life: Kn |       |       |     1 |       |       |       |       |       |       ||     1
         Idealise          |       |       |       |       |    17 |    21 |    24 |    23 |    11 ||    96
         Renounce Religion |       |       |       |       |       |       |       |       |     1 ||     1
  Evoke: Wand              |     1 |    22 |    30 |    19 |    13 |    26 |     2 |     9 |    26 ||   148
         Phantom mirror    |       |       |       |       |       |       |     3 |     5 |     3 ||    11
         Tin of tremorston |       |       |       |       |       |       |       |     4 |     6 ||    10
         Phial of floods   |       |       |       |       |       |       |       |     1 |     1 ||     2
         Sack of spiders   |       |       |       |       |       |       |       |     1 |     1 ||     2
         Lightning rod     |       |       |       |       |       |       |       |       |     8 ||     8
    Use: Scroll            |     1 |     7 |     3 |     6 |    16 |    14 |    16 |    19 |    19 ||   101
   Stab: Sleeping          |       |     2 |       |       |       |       |       |       |       ||     2
         Distracted        |       |     1 |     2 |     1 |       |       |       |       |       ||     4
         Paralysed         |       |       |    19 |     9 |       |       |       |       |    18 ||    46
 Armour: Ring mail         |    47 |   125 |   121 |       |       |    60 |    69 |   239 |   168 ||   829
         Steam dragon scal |       |       |    29 |   152 |   298 |   196 |       |       |       ||   675
         Troll leather arm |       |       |       |       |       |       |    59 |       |       ||    59
  Dodge: Dodged            |    52 |    94 |   112 |   144 |   282 |   196 |    98 |   272 |   184 ||  1434
  Block: Kite shield       |       |       |       |       |       |    13 |   240 |   446 |   191 ||   890

Table legend: (Time is in decaauts)
 A = Elapsed time spent in this place.
 B = Non-inter-level travel time spent in this place.
 C = Inter-level travel time spent in this place.
 D = Time resting spent in this place.
 E = Time spent auto-exploring this place.
 F = Levels seen in this place.
 G = Mean time per level.
                   A        B        C        D        E       F      G
               +--------+--------+--------+--------+--------+-----+--------+
         Total |  78661 |  70376 |   8285 |   9902 |  44357 |  53 | 1484.2 |
       Dungeon |  19878 |  16751 |   3127 |    916 |  12064 |  15 | 1325.2 |
        Temple |     38 |     11 |     27 |      0 |      0 |   1 |   38.0 |
          Lair |   7538 |   7025 |    513 |    902 |   4272 |   5 | 1507.6 |
         Swamp |   5693 |   5450 |    243 |   1321 |   3154 |   4 | 1423.2 |
     Snake Pit |   7535 |   7118 |    417 |    967 |   4909 |   4 | 1883.8 |
  Orcish Mines |   1795 |   1532 |    263 |    128 |    974 |   2 |  897.5 |
   Elven Halls |   4472 |   4332 |    140 |   1002 |   2153 |   3 | 1490.7 |
        Vaults |   7526 |   6918 |    608 |   1005 |   4098 |   5 | 1505.2 |
         Crypt |   4641 |   4443 |    198 |    221 |   3000 |   3 | 1547.0 |
        Depths |   8751 |   6890 |   1861 |   1240 |   4137 |   4 | 2187.8 |
           Zot |   9893 |   9010 |    883 |   2198 |   4868 |   5 | 1978.6 |
        Bazaar |     70 |     70 |      0 |      0 |     61 |   1 |   70.0 |
      Gauntlet |    825 |    825 |      0 |      0 |    666 |   1 |  825.0 |
               +--------+--------+--------+--------+--------+-----+--------+

Top non-repeatable levels by time:
   Zot:5: 3295 daAuts
Depths:3: 3056 daAuts
 Swamp:4: 2806 daAuts
   Zot:1: 2698 daAuts
Depths:4: 2540 daAuts
 Snake:3: 2514 daAuts
  Lair:5: 2304 daAuts
Vaults:5: 2281 daAuts
 Crypt:3: 2168 daAuts
  Lair:2: 2102 daAuts
    D:12: 1855 daAuts
 Snake:2: 1807 daAuts
   Elf:3: 1765 daAuts
Depths:1: 1699 daAuts
    D:14: 1691 daAuts
